 Dungeon Crawl Stone Soup version 0.31.0 (webtiles) character file.

Game seed: 14448418837147388269

60 Skeral the Trooper (level 4, 0/38 HPs)
             Began as a Formicid Cinder Acolyte on Jan 19, 2024.
             Was a High Priest of Ignis.
             Slain by an adder (1 damage)
             ... on level 2 of the Dungeon.
             The game lasted 00:02:52 (1290 turns).

Skeral the Trooper (Formicid Cinder Acolyte)        Turns: 1290, Time: 00:02:52

Health: 0/38       AC:  2    Str: 21    XL:     4   Next: 24%
Magic:  0/5        EV: 11    Int: 13    God:    Ignis [*****.]
Gold:   80         SH:  0    Dex:  9    Spells: 3/5 levels left

rFire   + . .        a - -1 hand axe (flame)
rCold   . . .        (no shield)
rNeg    . . .        b - +0 robe
rPois   .            (helmet unavailable)
rElec   .            (no cloak)
rCorr   .            (no gloves)
SInv    +            (no boots)
Will    .....        (no amulet)
Stlth   +            (no ring)
HPRegen 0.26/turn    (no ring)
MPRegen 0.09/turn

%: no passive effects
@: lethally poisoned (0 -> -1)
A: permanent stasis, dig shafts and tunnels, antennae 3, four strong arms
a: Dig, Shaft Self, Renounce Religion, Fiery Armour, Foxfire Swarm, Rising Flame


You were on level 2 of the Dungeon.
You worshipped Ignis.
Ignis was extremely pleased with you.
You visited 1 branch of the dungeon, and saw 2 of its levels.

You collected 80 gold pieces.


Innate Abilities, Weirdness & Mutations

You cannot be hasted, slowed, berserked, paralysed or teleported.
You can dig through walls and to a lower floor.
You have a pair of large antennae on your head. (SInv)
Your four strong arms can wield two-handed weapons with a shield.


   Skills:
 + Level 4.4 Fighting
 + Level 4.0 Axes
 - Level 1.1 Spellcasting
 - Level 3.0 Fire Magic


You had 3 spell levels left.
You knew the following spells:

 Your Spells              Type           Power      Damage    Failure   Level
X - Scorch                Fire           16%        2d5       12%         2

Your spell library contained the following spells:

 Spells                   Type           Power      Damage    Failure   Level


Inventory:

Hand Weapons
 a - a -1 hand axe of flaming (weapon)
 d - a +0 hand axe
   (You found it on level 2 of the Dungeon)
Armour
 b - a +0 robe (worn)
Scrolls
 c - 2 scrolls of teleportation {unknown}

Dungeon Overview and Level Annotations

Branches:
Dungeon (2/15) Zot: 10694

Altars:

#.#..#..#.#...#.###
#...###...##.##.#
##..## ##..##†##.#
##....#.#.........#
##..#.##.##.#...####
#..####. ####..#
#.##)b., ##...
#..##S#, #..###
#...#@## #..##
#.#....# ...#
#..##.## #...
##.....###..#.
##.##..#..##.#
#...........#
####.....####
#######


You could see an adder and a bat.


Message History

The frilled lizard hisses angrily.
You hear an angry hiss. x2
The endoplasm freezes you.
You are frozen. 😕 HP[-5]
You take 5 damage, and now have 33/38 hp.
Casting: Scorch (safe; 12% risk of failure)
Confirm with . or Enter, or press ? or * to list all spells.
Flames lash the frilled lizard.
You kill the frilled lizard!
The endoplasm freezes you.
You are frozen. 😕 HP[-3] MP[-2]
You take 3 damage, and now have 30/38 hp.
You lost 2 mp, and now have 3/5 mp.
Casting: Scorch (safe; 12% risk of failure)
Confirm with . or Enter, or press ? or * to list all spells.
Flames lash the quokka.
The quokka's fire resistance burns away.
An adder comes into view.
The endoplasm hits you. 😕 HP[-1] MP[-2]
You take 1 damage, and now have 29/38 hp.
You lost 2 mp, and now have 1/5 mp.
Casting: Scorch (safe; 12% risk of failure)
Confirm with . or Enter, or press ? or * to list all spells.
You don't have enough magic to cast this spell.
You completely miss the endoplasm.
A ball python comes into view.
The endoplasm freezes you.
You are frozen. 😮 HP[-1]
You take 1 damage, and now have 28/38 hp.
You hit the endoplasm. You burn the endoplasm. The endoplasm misses you.
You hit the endoplasm. You burn the endoplasm.
You kill the endoplasm!
The quokka is no longer more vulnerable to fire.
The quokka twitches its whiskers.
The quokka bites you but does no damage.
You hit the quokka. You burn the quokka.
You kill the quokka!
Your Axes skill increases to level 4! 😕 HP[+1]
You barely miss the adder. The adder barely misses you.
The adder bites you. 😮 HP[-2]
You take 2 damage, and now have 27/38 hp.
You barely miss the adder. The adder closely misses you.
You barely miss the adder. The adder bites you.
You are poisoned.
The adder poisons you! The adder closely misses you. 😮 HP[-4]
You take 4 damage, and now have 23/38 hp.
You closely miss the adder.
You feel sick.
A bat comes into view.
The adder barely misses you. 😮 HP[-1]
You take 1 damage, and now have 22/38 hp.
You closely miss the adder.
You feel sick. The adder misses you. 😮 HP[-1] MP[+1]
You take 1 damage, and now have 21/38 hp.
You hit the adder. You burn the adder.
You feel sick. The adder bites you.
* * * LOW HITPOINT WARNING * * *
The adder bites you.
* * * LOW HITPOINT WARNING * * *
😨 HP[-7]
You take 7 damage, and now have 14/38 hp.
Casting: Scorch (safe; 12% risk of failure)
Confirm with . or Enter, or press ? or * to list all spells.
Flames lash the ball python.
You kill the ball python!
You feel sick. The adder barely misses you. 😨 MP[-2]
You lost 2 mp, and now have 0/5 mp.
You miss the adder.
You feel sick. The adder bites you.
* * * LOW HITPOINT WARNING * * *
The adder misses you. 😱 HP[-5]
You take 5 damage, and now have 9/38 hp.
You closely miss the adder.
You feel sick.
You are no longer poisoned.
The adder barely misses you. 😱 HP[-1]
You take 1 damage, and now have 8/38 hp.
You completely miss the adder. The adder bites you.
* * * LOW HITPOINT WARNING * * *
The adder bites you.
* * * LOW HITPOINT WARNING * * *
You are lethally poisoned!
The adder poisons you! 😱 HP[-5]
You take 5 damage, and now have 3/38 hp.
You aren't carrying any potions.
You closely miss the adder.
* * * LOW HITPOINT WARNING * * *
You feel sick.
The adder bites you but does no damage. 😱 HP[-1]
You take 1 damage, and now have 2/38 hp.
You barely miss the adder. You punch the adder, but do no damage.
* * * LOW HITPOINT WARNING * * *
You feel sick. The adder bites you.
You die...

Skill      XL: |  1  2  3  4 |
---------------+-------------+-----
Fighting       | 4 |  4.4
Axes           | 4 |  4.0
Spellcasting   | |  1.1
Fire Magic     | |  3.0

Action                     |  1- 3 |  4- 6 || total
---------------------------+-------+-------++-------
  Melee: Hand axe          |    97 |    22 ||   119
         Punch             |       |     1 ||     1
   Cast: Scorch            |       |     3 ||     3
    Use: Scroll            |     1 |       ||     1
   Stab: Sleeping          |     1 |       ||     1
 Armour: Robe              |    61 |    13 ||    74
  Dodge: Dodged            |    61 |    11 ||    72

Levels and vault maps discovered:
D:1:      psy_arrival_heroes, layout_basic,
          hellmonk_ecumenical_altar_heavens_door
D:2:      layout_loops_ring, basic_altar, serial_forest,
          infiniplex_forest_end_2, infiniplex_forest_straight_2,
          infiniplex_forest_clump_tiny, infiniplex_forest_lined_room_3,
          infiniplex_forest_clump_tiny, infiniplex_forest_lined_2,
          minmay_fractal_squares_gapless_5

Notes
Turn   | Place    | Note
-------+----------+-------------------------------------------
     0 | D:1      | Skeral the Formicid Cinder Acolyte began the quest for the
                  | Orb.
     0 | D:1      | Reached XP level 1. HP: 18/18 MP: 2/2
     0 | D:1      | magus.rc [v1.10.3]
   160 | D:1      | Reached XP level 2. HP: 9/24 MP: 3/3
   445 | D:1      | Found a faded altar of an unknown god.
   544 | D:1      | Reached XP level 3. HP: 30/30 MP: 4/4
   647 | D:1      | Reached skill level 4 in Fighting
  1022 | D:2      | HP: 5/30 [kobold/+0 whip (4)]
  1025 | D:2      | HP: 2/30 [poisoned by an adder]
  1182 | D:2      | Reached XP level 4. HP: 30/37 MP: 5/5
  1185 | D:2      | Learned a level 2 spell: Scorch
  1279 | D:2      | Reached skill level 4 in Axes
  1286 | D:2      | HP: 9/38 [adder (4)]
  1288 | D:2      | HP: 3/38 [adder (4)]
  1290 | D:2      | HP: 1/38 [poisoned by an adder]
  1290 | D:2      | Slain by an adder

Vanquished Creatures
  2 adders (D:2)
  2 dart slugs
  4 bats (D:1)
  2 endoplasms
  A giant cockroach (D:2)
  A hobgoblin (D:1)
  7 kobolds
  3 quokkas
  5 ball pythons
  7 frilled lizards
  4 goblins
  3 rats (D:1)
41 creatures vanquished.

Table legend:
 A = Non-vault XP
 B = Vault XP
 C = Vault XP percentage of total XP
 D = Non-vault monster count
 E = Vault monster count
 F = Vault count percentage of total count
                 A         B        C        D         E       F
            +---------+---------+-------+---------+---------+-------
      Total |      79 |       7 |   8.1 |      37 |       4 |   9.8
            +---------+---------+-------+---------+---------+-------
        D:1 |      39 |       0 |   0.0 |      28 |       0 |   0.0
        D:2 |      40 |       7 |  14.9 |       9 |       4 |  30.8
            +---------+---------+-------+---------+---------+-------

Skill      XL: |  1  2  3  4 |
---------------+-------------+-----
Fighting       | 4 |  4.4
Axes           | 4 |  4.0
Spellcasting   | |  1.1
Fire Magic     | |  3.0

Action                     |  1- 3 |  4- 6 || total
---------------------------+-------+-------++-------
  Melee: Hand axe          |    97 |    22 ||   119
         Punch             |       |     1 ||     1
   Cast: Scorch            |       |     3 ||     3
    Use: Scroll            |     1 |       ||     1
   Stab: Sleeping          |     1 |       ||     1
 Armour: Robe              |    61 |    13 ||    74
  Dodge: Dodged            |    61 |    11 ||    72

Illustrated notes

Table legend:
 A = Kills in this place as a percentage of kills in the entire game.
 B = Kills by you in this place as a percentage of kills by you in the entire game.
 C = Kills by friends in this place as a percentage of kills by friends in the entire game.
 D = Other kills in this place as a percentage of other kills in the entire game.
 E = Experience gained in this place as a percentage of experience gained in the entire game.
 F = Experience gained in this place divided by the number of levels of this place that you have seen.
                   A       B       C       D       E      F
               +-------+-------+-------+-------+-------+----------------------
         Total | 100.0 | 100.0 |   N/A |   N/A | 100.0 |  43.0
       Dungeon | 100.0 | 100.0 |   N/A |   N/A | 100.0 |  43.0
               +-------+-------+-------+-------+-------+----------------------

Table legend: (Time is in decaauts)
 A = Elapsed time spent in this place.
 B = Non-inter-level travel time spent in this place.
 C = Inter-level travel time spent in this place.
 D = Time resting spent in this place.
 E = Time spent auto-exploring this place.
 F = Levels seen in this place.
 G = Mean time per level.
                   A        B        C        D        E       F      G
               +--------+--------+--------+--------+--------+-----+--------+
         Total |   1304 |   1243 |     61 |    156 |    721 |   2 |  652.0 |
       Dungeon |   1304 |   1243 |     61 |    156 |    721 |   2 |  652.0 |
               +--------+--------+--------+--------+--------+-----+--------+

Top non-repeatable levels by time:
     D:1: 997 daAuts
     D:2: 306 daAuts
